 Dungeon Crawl Stone Soup version 0.18-a0-1745-gffa9a88 (webtiles) character file.

436 inmateoo the Fighter (level 6, -12/100 HPs)
             Began as a Minotaur Necromancer on Apr 12, 2016.
             Was a Follower of Okawaru.
             Mangled by an ogre
             ... wielding a +0 giant club
              (16 damage)
             ... on level 5 of the Dungeon.
             The game lasted 00:04:55 (4145 turns).

inmateoo the Fighter (Minotaur Necromancer)         Turns: 4145, Time: 00:04:55

Health: -12/100    AC: 23    Str: 15    XL:     6   Next: 69%
Magic:  4/7        EV:  2    Int: 10    God:    Okawaru [*.....]
Gold:   244        SH:  5    Dex: 10    Spells: 1 memorised, 6 levels left

rFire  . . .     SeeInvis .     g - +0 spear (venom)
rCold  . . .     Gourm    .     (armour currently unavailable)
rNeg   + + +     Faith    .     i - +0 buckler
rPois  +         Spirit   .     (helmet currently unavailable)
rElec  .         Dismiss  .     (cloak currently unavailable)
rCorr  .         Reflect  .     (gloves currently unavailable)
SustAt .         Harm     .     (boots currently unavailable)
MR     .....     NoTele   +     (no amulet)
Stlth  +++++.....               (no ring)
                                (no ring)

@: tree-form, heroism, not resistant to hostile enchantments, quite stealthy
A: (retaliatory headbutt), (horns 0), dopey 1, robust 1, MP-powered wands
a: Heroism, Renounce Religion


You were on level 5 of the Dungeon.
You worshipped Okawaru.
Okawaru was aware of your devotion.
You were hungry.
You were a tree.
You visited 1 branch of the dungeon, and saw 5 of its levels.

You collected 244 gold pieces.

Inventory:

Hand Weapons
 g - a +0 spear of venom (weapon)
 n - a +0 falchion
Armour
 i - a +0 buckler (worn)
 r - a +0 cloak (melded)
 t - a +0 chain mail (melded)
Wands
 p - a wand of polymorph (13/24)
Scrolls
 h - a scroll of teleportation
Potions
 j - a potion of magic
Books
 b - a book of Necromancy

   Spells                             Type                      Level
   a - Pain                           Necromancy                   1
   b - Animate Skeleton               Necromancy                   1
   c - Vampiric Draining              Necromancy                   3
   d - Regeneration                   Charms/Necromancy            3
   e - Animate Dead                   Necromancy                   4
   f - Control Undead                 Necromancy                   4
Comestibles
 a - a beef jerky
 c - 6 bread rations
 f - 2 meat rations
 k - a chunk of flesh


   Skills:
 + Level 8.3(13.3) Fighting
 - Level 2.1(7.1) Dodging
 - Level 1.5(6.5) Stealth
 - Level 1.3 Spellcasting
 - Level 2.9 Necromancy


You had 6 spell levels left.
You knew the following spells:

 Your Spells              Type           Power        Failure   Level  Hunger
a - Pain                  Necr           #...         12%         1    ##.....


Dungeon Overview and Level Annotations

Branches:
Dungeon (5/15)             Temple (0/1) D:5

Altars:
Gozag
Okawaru
Qazlal

Annotations:
D:3 skk's ghost, amateur DsBe
D:5 Ijyb


Innate Abilities, Weirdness & Mutations

((You reflexively headbutt those who attack you in melee.))
((You have a pair of horns on your head.))
You are dopey. (Int -2)
You are robust (+10% HP).
You expend magic power (3 MP) to strengthen your wands.


Message History

You are feeling hungry.
You gain the combat prowess of a mighty hero.
You feel slightly more hungry.
Attack whom?
Press: ? - help, Dir - move target cursor, f - ogre
Aim: an ogre, wielding a giant club You reach to attack!
You hit the ogre but do no damage.
Attack whom?
Press: ? - help, Dir - move target cursor, f/p - ogre
Aim: an ogre, wielding a giant club You reach to attack!
You hit the ogre.
The ogre is poisoned.
The ogre is lightly wounded.
An ice beast comes into view.
Attack whom?
Press: ? - help, Dir - move target cursor, f/p - ogre
Aim: an ogre, wielding a giant club (lightly wounded, poisoned)
You hit the ogre.
The ogre looks even sicker.
The ogre is moderately wounded.
The ogre hits you with a giant club!
You die...

,,**,,,,,,,,,,,,,,,,,,,,,,,,**
,,,,,,,,,,*,,,,,,,,,*******,,****
******,,,,*#,*****,#* *,,,,,, ,**
*,,,,*#.* *.# *,,****
,,****,*,**#.####*.# *,,,,,,
,,,,,,,*,*##...!##.# *,*****
,,***,,*,*#.?.§.§..#####***,*
,****,,#g##.###§#.....Y.,,,,*
,,,,,,,....y§§§#♣O..#******,*
,,,,,,,......§###...#******,*****
,*****,?....§§* *#......,,,,,,,,*
,* *,....>..***,###.##**,,***,*
,*****,....>.#,*,** *,# *,,* *,*
,>,,,,,..##..**,** *,* *,,* *,*
,,,,,,,h,,...**,* *,* *,,***,*
,*****,**....,,,* *,* *,,,,,,,
,,,,,,,,,,,,,********,*****,***,*


You could see an ice beast and an ogre.

Vanquished Creatures
  An ogre (D:4)
  A phantom (D:4)
  A killer bee (D:4)
  An orc wizard (D:3)
  A worker ant (D:4)
  9 adders
  3 oozes
  An adder skeleton (D:4)
  A dart slug (D:1)
  3 giant geckos
  8 orcs
  A ball python (D:1)
  9 bats
  6 giant cockroaches
  8 goblins
  5 hobgoblins
  5 kobolds
  A quokka (D:4)
  3 giant newts
  8 rats
76 creatures vanquished.

Notes
Turn   | Place    | Note
--------------------------------------------------------------
     0 | D:1      | inmateoo the Minotaur Necromancer began the quest for the Orb.
     0 | D:1      | Reached XP level 1. HP: 14/14 MP: 1/1
    62 | D:1      | Reached skill level 1 in Fighting
   379 | D:1      | Reached skill level 2 in Fighting
   382 | D:1      | Reached XP level 2. HP: 23/24 MP: 3/3
   513 | D:1      | Reached skill level 3 in Fighting
   618 | D:1      | Reached XP level 3. HP: 31/31 MP: 4/4
   960 | D:2      | Found an opulent altar of Gozag.
  1192 | D:2      | Reached skill level 4 in Fighting
  1909 | D:3      | Reached XP level 4. HP: 39/41 MP: 5/5
  2011 | D:3      | Found an iron altar of Okawaru.
  2021 | D:3      | Became a worshipper of Warmaster Okawaru
  2141 | D:3      | Reached skill level 5 in Fighting
  2245 | D:3      | Noticed skk's ghost (amateur DsBe)
  2501 | D:3      | Reached XP level 5. HP: 46/50 MP: 6/6
  2545 | D:3      | Reached skill level 6 in Fighting
  2555 | D:3      | Found a stormy altar of Qazlal.
  2849 | D:4      | Gained mutation: You are robust (+10% HP). [potion of mutation]
  2849 | D:4      | Gained mutation: You expend magic power (3 MP) to strengthen your wands. [potion of mutation]
  2849 | D:4      | Gained mutation: You are dopey. (Int -2) [potion of mutation]
  3430 | D:4      | Reached skill level 7 in Fighting
  3555 | D:4      | Noticed a phantom
  3592 | D:4      | Killed a phantom
  3592 | D:4      | Reached * piety under Okawaru
  3592 | D:4      | Reached XP level 6. HP: 32/67 MP: 7/7
  3918 | D:4      | Reached skill level 8 in Fighting
  4093 | D:5      | Entered Level 5 of the Dungeon
  4115 | D:5      | HP: 5/100 [poisoned by a killer bee]
  4121 | D:5      | HP: 3/100 [poisoned by a killer bee]
  4127 | D:5      | Noticed Ijyb
  4127 | D:5      | HP: 3/100 [poisoned by a killer bee]
  4135 | D:5      | HP: 2/67 [poisoned by a killer bee]
  4145 | D:5      | Noticed an ice beast
  4145 | D:5      | Mangled by an ogre

Vault maps used:
D:1:      tarquinn_simple_flora_water_e, corexii_leaking_fountain
D:2:      lemuel_crystal_altar
D:3:      nicolae_qazlal_eye_of_the_storm, okawaru_trees_1, uniq_iyjb
D:4:      first_bread
D:5:      minmay_temple_entry_glassed_door, serial_shops, shop_statue,
          minmay_statues_item

Skill      XL: |  1  2  3  4  5  6 |
---------------+-------------------+-----
Fighting       | 2 3 4 5 7 8 |  8.3
Dodging        | |  2.1
Stealth        | |  1.5
Spellcasting   | |  1.3
Necromancy     | |  2.9

Action                   |  1- 3 |  4- 6 || total
-------------------------+-------+-------++-------
Melee: Unarmed           |    37 |       ||    37
       Club              |    87 |       ||    87
       Falchion          |     8 |    77 ||    85
       Spear             |       |   111 ||   111
Invok: Heroism           |       |     2 ||     2
  Use: Potion            |       |     8 ||     8
       Scroll            |       |     7 ||     7
  Eat: Chunk             |     2 |     7 ||     9
       Pizza             |       |     1 ||     1
